 Dungeon Sprint DCSS version 0.17-a0-1554-g3b847ca (webtiles) character file.

11 nuthulu the Ruffian (level 2, 0/25 HPs)
             Began as a Naga Transmuter on July 19, 2015.
             Was an Initiate of Cheibriados.
             Slain by a river rat (1 damage)
             ... in the Dungeon (Sprint VII: "The Pits").
             The game lasted 00:00:40 (262 turns).

nuthulu the Ruffian (Naga Transmuter)                Turns: 262, Time: 00:00:40

Health: 0/25       AC:  1    Str: 13    XL:     2   Next: 25%
Magic:  4/5        EV: 10    Int: 14    God:    Cheibriados [......]
Gold:   0          SH:  0    Dex: 12    Spells: 1 memorised, 5 levels left

rFire  . . .     SeeInvis +       - Unarmed
rCold  . . .     Clarity  .     b - +0 robe
rNeg   . . .     SustAt   .     (no shield)
rPois  +         Gourm    .     (no helmet)
rElec  .         Spirit   .     (no cloak)
rCorr  .         Warding  .     (no gloves)
rMut   .         NoTele   +     (no barding)
MR     .....                    (no amulet)
Stlth  +.........               (no ring)
                                (no ring)

@: short of breath, appendage, very slow, not resistant to hostile enchantments,
very unstealthy
A: horns 2, see invisible, deformed body, poison resistance, slowness 2, slow
metabolism 1, spit poison 2, AC +0
a: Spit Poison, End Transformation, Bend Time, Renounce Religion


You were in the Dungeon.
You worshipped Cheibriados.
Cheibriados was noncommittal.
You were not hungry.
You had grown temporary horns.
You visited 1 branch

Inventory:

Missiles
 a - 12 arrows
Armour
 b - a +0 robe (worn)
Scrolls
 j - a scroll of blinking
 n - 3 scrolls of remove curse
 o - 5 scrolls of amnesia
 p - a scroll of summoning
Potions
 e - a potion of curing
 f - a potion of heal wounds
 g - a potion of haste
 h - 4 potions of magic
 i - 3 potions of berserk rage
 m - 2 potions of invisibility
Books
 c - a book of Changes

   Spells                             Type                      Level
   a - Beastly Appendage              Transmutation                1
   b - Sticks to Snakes               Transmutation                2
   c - Spider Form                    Transmutation/Poison         3
   d - Ice Form                       Ice/Transmutation            4
   e - Blade Hands                    Transmutation                5
Comestibles
 d - 8 bread rations
 k - 40 fruits
 l - 7 meat rations


   Skills:
 - Level 1.0 Fighting
 - Level 2.1 Dodging
 - Level 4.3 Unarmed Combat
 + Level 2.5 Spellcasting
 + Level 2.6 Transmutations


You had 5 spell levels left.
You knew the following spells:

 Your Spells              Type           Power        Failure   Level  Hunger
a - Beastly Appendage     Trmt           #.....       10%         1    #......


Dungeon Overview and Level Annotations

Branches:
Dungeon (1/1)

Altars:
Ashenzari
Cheibriados
Dithmenos
Elyvilon
Fedhas
Gozag
Kikubaaqudgha
Makhleb
Nemelex Xobeh
Okawaru
Qazlal
Ru
Sif Muna
Trog
Vehumet
Xom
Yredelemnul
Zin
The Shining One
Beogh
Jiyva
Lugonu


Innate Abilities, Weirdness & Mutations

You cannot wear boots.
Your serpentine skin is tough (AC +0).
You have supernaturally acute eyesight.
Armour fits poorly on your strangely shaped body.
Your system is resistant to poisons.
You cover ground very slowly.
You have a slow metabolism.
You can spit poison.
You have a pair of horns on your head.


Message History

There is an open door here.
You hit the giant gecko.
The giant gecko is moderately wounded.
The giant gecko bites you.
You hit the giant gecko.
You kill the giant gecko!
Cheibriados thoroughly appreciates the change of pace.
The river rat bites you. The river rat bites you. The river rat bites you!
* * * LOW HITPOINT WARNING * * *
You see here a giant gecko corpse.
You barely miss the river rat. Your headbutt misses the river rat.
You hit the river rat but do no damage. The river rat misses you.
Use which ability? (? or * to list)
Press: ? - help, Shift-Dir - straight line, f - river rat
Aim: a river rat The splash of poison hits the river rat.
The river rat appears unharmed.
You feel slightly more hungry. The river rat bites you.
You die...

#__________#
#__________#
#.#####'##############++
#_#)))'.'..##...........
#_#)))#.#?(##......#..#.
#######'#####...........
#...........'...........
#+#####'#####......#..#.
#r@# #........... +..#
####'#####++ ####
#.......# #.......#
#.......# #...<...#
#.......# #.......#
#.......#


You could see a river rat.

Vanquished Creatures
  An adder (D)
  A giant gecko (D)
2 creatures vanquished.

Notes
Turn   | Place    | Note
--------------------------------------------------------------
     0 | D        | nuthulu the Naga Transmuter began the quest for the Orb.
     0 | D        | Reached XP level 1. HP: 18/18 MP: 3/3
    20 | D        | Reached skill level 4 in Unarmed Combat
    20 | D        | Reached XP level 2. HP: 9/25 MP: 3/5
   236 | D        | Found a sacrificial altar of Ru.
   236 | D        | Found a basalt altar of Yredelemnul.
   236 | D        | Found a shadowy altar of Dithmenos.
   236 | D        | Found a deep blue altar of Sif Muna.
   236 | D        | Found a burning altar of Makhleb.
   236 | D        | Found a shimmering altar of Xom.
   236 | D        | Found an ancient bone altar of Kikubaaqudgha.
   236 | D        | Found a sparkling altar of Nemelex Xobeh.
   237 | D        | Found a glowing golden altar of the Shining One.
   237 | D        | Found a bloodstained altar of Trog.
   237 | D        | Found a shattered altar of Ashenzari.
   237 | D        | Found a white marble altar of Elyvilon.
   237 | D        | Found a snail-covered altar of Cheibriados.
   237 | D        | Found a blossoming altar of Fedhas.
   237 | D        | Found a radiant altar of Vehumet.
   237 | D        | Found a glowing silver altar of Zin.
   237 | D        | Found a corrupted altar of Lugonu.
   237 | D        | Found a viscous altar of Jiyva.
   237 | D        | Found a roughly hewn altar of Beogh.
   237 | D        | Found an iron altar of Okawaru.
   242 | D        | Found a stormy altar of Qazlal.
   243 | D        | Found an opulent altar of Gozag.
   245 | D        | Became a worshipper of Cheibriados the Contemplative
   259 | D        | HP: 1/25 [river rat (10)]
   262 | D        | Slain by a river rat

Vault maps used:
D:        pitsprint

Action                   || total
-------------------------++-------
Melee: Unarmed           ||    11
 Cast: Beastly Appendage ||     2
 Abil: Spit Poison       ||     1
